 Dungeon Crawl Stone Soup version 0.29-b1-12-g9e2288ab2a (webtiles) character file.

Game seed: 15746919787171134926

8540 DemonSlayer the Arsonist (level 11, 0/72 HPs)
             Began as a Demonspawn Fire Elementalist on Aug 23, 2022.
             Was an Elder of Cheibriados.
             Slain by an orc warrior
             ... wielding a +0 glaive
              (15 damage)
             ... on level 2 of the Orcish Mines.
             The game lasted 00:24:37 (12981 turns).

DemonSlayer the Arsonist (DsFE)                    Turns: 12981, Time: 00:24:38

Health: 0/72       AC:  6    Str: 27    XL:     11   Next: 11%
Magic:  21/25      EV: 15    Int: 33    God:    Cheibriados [****..]
Gold:   796        SH:  6    Dex: 36    Spells: 13/31 levels left

rFire   x . .      SeeInvis +   s - +0 lajatang (flame)
rCold   . . .      Faith    .   (shield currently unavailable)
rNeg    . . .      Spirit   .   x - +1 steam dragon scales
rPois   .          Reflect  .   (helmet unavailable)
rElec   +          Harm     .   (no cloak)
rCorr   .          Rampage  .   (no gloves)
Will    .....                   (no boots)
Stlth   ++++......              (no amulet)
HPRegen 0.22/turn               q - ring of Eluph {rElec rF- Str+8 Int+3 Dex+6}
MPRegen 0.19/turn               v - +6 ring of dexterity

@: very slow
A: antennae 3, large bone plates 2, spiny 1
a: Renounce Religion, Bend Time, Temporal Distortion, Slouch


You were on level 2 of the Orcish Mines.
You worshipped Cheibriados.
Cheibriados was greatly pleased with you.
You visited 4 branches of the dungeon, and saw 13 of its levels.

You collected 988 gold pieces.
You spent 192 gold pieces at shops.

Inventory:

Hand Weapons
 s - a +0 lajatang of flaming (weapon)
Armour
 x - +1 steam dragon scales (worn)
Jewellery
 k - a ring of ice
 q - the ring of Eluph (left hand) {rElec rF- Str+8 Int+3 Dex+6}
   (You found it on level 2 of the Dungeon)

   [ring of dexterity]

   Str:       It affects your strength (+8).
   Int:       It affects your intelligence (+3).
   Dex:       It affects your dexterity (+6).
   rF:        It makes you vulnerable to fire.
   rElec:     It insulates you from electricity.
 v - a +6 ring of dexterity (right hand)
Wands
 a - a wand of mindburst (24)
 c - a wand of flame (18)
 t - a wand of light (5)
 u - a wand of iceblast (12)
 y - a wand of digging (5)
 A - a wand of paralysis (14)
Scrolls
 d - a scroll of immolation
 j - a scroll of amnesia
 B - a scroll of magic mapping
 D - a scroll of poison
Potions
 b - 2 potions of magic
 e - 2 potions of mutation
 g - a potion of might
 h - 2 potions of ambrosia
 i - 3 potions of curing
 l - 5 potions of resistance
 m - 3 potions of lignification
 n - 2 potions of heal wounds
 o - a potion of berserk rage {unknown}
 p - 3 potions of attraction
 r - 2 potions of flight
 z - 3 potions of cancellation {unknown}
Miscellaneous
 C - a lightning rod (4/4)


   Skills:
 + Level 1.7 Fighting
 + Level 2.6(2.7) Staves
 + Level 2.7 Dodging
 + Level 3.5 Stealth
 + Level 0.8 Shields
 + Level 10.5 Spellcasting
 + Level 3.1 Conjurations
 + Level 10.8 Fire Magic
 + Level 0.1 Ice Magic
 + Level 1.3 Evocations


You had 13 spell levels left.
You knew the following spells:

 Your Spells              Type           Power      Damage    Failure   Level
a - Foxfire               Conj/Fire      100%       2x1d9     1%          1
b - Scorch                Fire           100%       2d10      1%          2
c - Conjure Flame         Conj/Fire      59%        6-21      1%          3
d - Flame Wave            Conj/Fire      59%        2d14      1%          4
e - Olgreb's Toxic Radia  Pois           17%        N/A       26%         4
f - Ensorcelled Hibernat  Hex/Ice        34%        N/A       4%          2
g - Passwall              Tmut/Erth      14%        N/A       4%          2

Your spell library contained the following spells:

 Spells                   Type           Power      Damage    Failure   Level
 Inner Flame              Hex/Fire       52%        N/A       1%          3
 Sting                    Tmut/Pois      68%        1d6       2%          1
 Poisonous Vapours        Pois/Air       34%        N/A       4%          2
 Swiftness                Air            17%        N/A       9%          3
 Corpse Rot               Necr/Pois/Air  17%        N/A       26%         4


Dungeon Overview and Level Annotations

Branches:
Dungeon (9/15)             Temple (1/1) D:5            Lair (1/5) D:8
    Orc (2/2) D:9             Elf (0/3) Orc:2

Altars:
Ashenzari
Cheibriados
Dithmenos
Fedhas
Gozag
Hepliaklqana
Kikubaaqudgha
Makhleb
Okawaru
Qazlal
Ru
Sif Muna
Trog
Uskayaw
Wu Jian
Xom
Yredelemnul

Shops:
D:9 *


Innate Abilities, Weirdness & Mutations

You have a pair of large antennae on your head. (SInv)
You are mostly covered in large bone plates. (SH +6)
You are partially covered in sharp spines.


Message History

The orc shouts!
You feel sick. The orc warrior barely misses you.
A wave of flame ripples out!
The flame wave engulfs the ogre!
The ogre is heavily wounded.
The flame wave engulfs the orc!
You kill the orc!
Cheibriados appreciates the change of pace. (Press Numpad 5 to intensify the flame waves.)
You feel sick.
The orc warrior hits you from afar with a +0 glaive!!
* * * LOW HITPOINT WARNING * * *
The ogre is struck by your spines. The ogre closely misses you.
Unknown command.
Blink to where?
Press: ? - help, Dir - move target
As you read the scroll of blinking, it crumbles to dust.
You feel sick.
You feel sick.
You feel sick.
You feel sick.
You are no longer poisoned.
You flicker for a moment.
An orc warrior is nearby!
You flicker back into view.
The orc warrior hits you from afar with a +0 glaive.
The orc warrior barely misses you. You block the orc warrior's attack.
Your magical contamination has completely faded away.
The orc shouts!
You hit the orc warrior but do no damage.
You hear a shout!
The orc warrior is struck by your spines.
The orc warrior closely misses you.
You slash the orc warrior! You burn the orc warrior.
The orc warrior is almost dead.
The orc warrior hits you with a +0 glaive!
* * * LOW HITPOINT WARNING * * *
You barely miss the orc warrior.
The orc warrior is almost dead.
The orc warrior hits you with a +0 glaive!
You die...

### #### ############ #.##
####..### ##.##.#.#...##
...###.#.....###............# *
#.###...#.....#.#..........## ##
...###.#...#...............<## #.
...............o@.......#....###.
.......#..#...................#..
.............o..)................
...#.#................)).........
......................).))....#).
......#....................)..)).
...#.##................#.........
.......#.........................
...........##...#...#............


You could see an orc warrior and an orc.

Vanquished Creatures
  Erica (D:8)
  Maggie (D:8)
  A troll (D:9)
  Prince Ribbit (D:5)
  A shadow (D:9)
  9 yaks (D:8)
  3 wyverns (D:8)
  5 steam dragons
  Grum (D:8)
  Edmund (D:5)
  7 water moccasins
  2 black bears
  5 orc warriors
  A sky beast (D:6)
  3 ice beasts
  5 ogres
  3 wolves (D:8)
  5 centaurs
  A phantom (D:6)
  A necrophage (D:5)
  3 bullfrogs
  4 scorpions
  4 howler monkeys
  2 hounds (D:6)
  7 orc priests
  A gnoll bouda (D:9)
  A jelly (D:6)
  5 iguanas
  11 orc wizards
  Robin (D:3)
  3 gnolls (D:9)
  10 adders
  A white imp (D:6)
  An ufetubus (D:6)
  2 worms
  7 dart slugs
  38 orcs
  3 bats
  4 endoplasms
  4 giant cockroaches
  13 goblins
  5 hobgoblins
  2 jackals (D:1)
  3 quokkas
  9 ball pythons
  5 frilled lizards
  7 kobolds
  8 rats
221 creatures vanquished.

Vanquished Creatures (others)
  A wizard (D:9)
  2 bushes (D:8)
  228 foxfires
  3 fungi (D:8)
  25 plants (D:8)
259 creatures vanquished.

Grand Total: 480 creatures vanquished

Notes
Turn   | Place    | Note
-------+----------+-------------------------------------------
     0 | D:1      | DemonSlayer the Demonspawn Fire Elementalist began the
                  | quest for the Orb.
     0 | D:1      | Reached XP level 1. HP: 13/13 MP: 3/3
    12 | D:1      | Found a faded altar of an unknown god.
   439 | D:1      | Gained mutation: You are partially covered in sharp spines.
                  | [demonic ancestry]
   439 | D:1      | Reached XP level 2. HP: 19/19 MP: 0/5
   442 | D:1      | Learned a level 2 spell: Scorch
  1534 | D:2      | Gained mutation: You have a pair of small antennae on your
                  | head. [demonic ancestry]
  1534 | D:2      | Reached XP level 3. HP: 24/24 MP: 2/6
  2375 | D:2      | Reached XP level 4. HP: 30/30 MP: 0/7
  2448 | D:2      | Identified the ring of Eluph {rElec rF- Str+8 Int+3 Dex+6}
  2540 | D:2      | Learned a level 3 spell: Conjure Flame
  2638 | D:3      | Noticed a centaur
  2642 | D:3      | Killed a centaur
  2643 | D:3      | Reached XP level 5. HP: 20/35 MP: 1/9
  2648 | D:3      | Learned a level 4 spell: Flame Wave
  3858 | D:3      | Noticed Robin
  3865 | D:3      | Killed Robin
  3866 | D:3      | Gained mutation: You have a pair of antennae on your head.
                  | [demonic ancestry]
  3866 | D:3      | Reached XP level 6. HP: 34/41 MP: 1/10
  4352 | D:4      | Reached skill level 5 in Fire Magic
  4883 | D:4      | Found an opulent altar of Gozag.
  4894 | D:4      | Found a hazy altar of Hepliaklqana.
  5209 | D:5      | Entered Level 5 of the Dungeon
  5221 | D:5      | Noticed a steam dragon
  5229 | D:5      | Killed a steam dragon
  5230 | D:5      | Gained mutation: You are partially covered in large bone
                  | plates. (SH +4) [demonic ancestry]
  5230 | D:5      | Reached XP level 7. HP: 46/46 MP: 10/13
  5283 | D:5      | Noticed Prince Ribbit
  5289 | D:5      | Killed Prince Ribbit
  5290 | D:5      | Reached skill level 1 in Staves
  5300 | D:5      | Reached skill level 5 in Spellcasting
  5560 | D:5      | Reached XP level 8. HP: 45/53 MP: 8/15
  5665 | D:5      | Noticed Edmund
  5675 | D:5      | Killed Edmund
  5842 | D:5      | Found a staircase to the Ecumenical Temple.
  5844 | D:5      | Reached skill level 1 in Fighting
  5986 | Temple   | Entered the Ecumenical Temple
  6005 | Temple   | Became a worshipper of Cheibriados the Contemplative
  6212 | D:5      | Learned a level 4 spell: Olgreb's Toxic Radiance
  6690 | D:6      | Found an ornate altar of the Wu Jian Council.
  7129 | D:6      | Reached XP level 9. HP: 59/59 MP: 15/18
  7139 | D:6      | Found a stormy altar of Qazlal.
  7440 | D:6      | Learned a level 2 spell: Ensorcelled Hibernation
  7506 | D:7      | Reached * piety under Cheibriados
  8177 | D:7      | Learned a level 2 spell: Passwall
  8705 | D:8      | Gained mutation: You have a pair of large antennae on your
                  | head. (SInv) [demonic ancestry]
  8705 | D:8      | Reached XP level 10. HP: 66/66 MP: 8/22
  8823 | D:8      | Found a staircase to the Lair.
  8824 | D:8      | Noticed Grum
  8830 | D:8      | Killed Grum
  8830 | D:8      | Reached ** piety under Cheibriados
  9212 | D:8      | Noticed Maggie
  9219 | D:8      | Killed Maggie
  9231 | D:8      | Reached skill level 1 in Evocations
  9774 | D:8      | Noticed Erica
  9790 | D:8      | Killed Erica
  9791 | D:8      | Reached skill level 10 in Fire Magic
  9815 | D:8      | Reached skill level 10 in Spellcasting
 10533 | Lair:1   | Entered Level 1 of the Lair of Beasts
 10533 | Lair:1   | Noticed an eight-headed hydra
 11438 | D:9      | Reached *** piety under Cheibriados
 11493 | D:9      | Found a bloodstained altar of Trog.
 11495 | D:9      | Noticed a wizard
 11499 | D:9      | Killed a wizard
 11729 | D:9      | Found a staircase to the Orcish Mines.
 12040 | D:9      | Gained mutation: You are mostly covered in large bone
                  | plates. (SH +6) [demonic ancestry]
 12040 | D:9      | Reached XP level 11. HP: 72/72 MP: 0/25
 12052 | D:9      | Reached **** piety under Cheibriados
 12262 | D:9      | Found Osucop's General Store.
 12267 | D:9      | Bought a scroll of poison for 48 gold pieces
 12267 | D:9      | Bought a wand of iceblast (5) for 144 gold pieces
 12359 | D:9      | Found a shimmering blue altar of Sif Muna.
 12470 | Orc:1    | Entered Level 1 of the Orcish Mines
 12657 | Orc:2    | Entered Level 2 of the Orcish Mines
 12953 | Orc:2    | Noticed an orc knight
 12981 | Orc:2    | Slain by an orc warrior

Illustrated notes

Levels and vault maps discovered:
D:1:      dpeg_arrival_simpleton_c, layout_basic,
          hellmonk_ecumenical_altar_run_dry
D:2:      layout_rooms, kennysheep_crisscross
D:3:      layout_basic, uniq_robin
D:4:      kennysheep_six_static_rooms, layout_basic,
          mainiacjoe_overflow_large_starburst
D:5:      layout_rooms, minmay_temple_entry_proselytizer,
          amcnicky_mini_pool_small, uniq_edmund, uniq_prince_ribbit1
D:6:      layout_loops_ring, mainiacjoe_overflow_catwalk,
          mainiacjoe_overflow_24_doors, serial_park_tiny_1
D:7:      layout_rooms, dreamdust_wishing_well
D:8:      layout_basic, minmay_lair_entry_grove, uniq_grum, uniq_erica,
          uniq_maggie
D:9:      layout_roguey, kennysheep_orc_sif_temple, trog_wizard,
          hiddenorc1_lemuel, serial_shops, nicolae_square_shop,
          corexii_corridor_pit
Temple:   nicolae_temple_x_marks_the_god
Lair:1:   layout_chaotic_city, nicolae_lair_run_with_the_wolves
Orc:1:    layout_diamond_mine, uniq_josephine, uniq_maurice
Orc:2:    pf_orc_diabolical, layout_caves, basic_altar, lightli_church_of_beogh

Skill      XL: |  1  2  3  4  5  6  7  8  9 10 |
---------------+-------------------------------+-----
Fire Magic     | 3 4 5 6 8 9 10 | 10.8
Stealth        | 2 3 |  3.5
Conjurations   | 2 3 |  3.1
Spellcasting   | 3 4 5 6 8 10 | 10.5
Staves         | 1 2 |  2.6
Dodging        | 2 |  2.7
Fighting       | 1 |  1.7
Evocations     | 1 |  1.3
Shields        | |  0.8
Ice Magic      | |  0.1

Action                   |  1- 3 |  4- 6 |  7- 9 | 10-12 || total
-------------------------+-------+-------+-------+-------++-------
Melee: Unarmed           |     8 |       |       |       ||     8
       Spear             |     5 |     6 |       |       ||    11
       Lajatang          |       |    17 |    11 |    36 ||    64
 Cast: Foxfire           |   106 |     2 |       |    23 ||   131
       Scorch            |     9 |    60 |   119 |   113 ||   301
       Conjure Flame     |       |       |     4 |     7 ||    11
       Ensorcelled Hiber |       |       |       |     5 ||     5
       Flame Wave        |       |       |       |     3 ||     3
Evoke: Wand              |       |     5 |       |     7 ||    12
  Use: Scroll            |       |     5 |    13 |     5 ||    23
       Potion            |       |     2 |       |     1 ||     3
 Stab: Sleeping          |       |     2 |       |     1 ||     3
Armor: Robe              |     3 |     3 |       |       ||     6
       Steam dragon scal |       |       |     6 |    16 ||    22
Dodge: Dodged            |    14 |    26 |    45 |    61 ||   146
Block: Buckler           |       |     2 |       |       ||     2
       Other             |       |       |    11 |    24 ||    35
